 Dungeon Crawl Stone Soup version 0.22-a0-305-gd21a89c (webtiles) character file.

12 Amnesiac the Cutter (level 2, -9/19 HPs)
             Began as a Kobold Fighter on Mar 31, 2018.
             Killed by divine providence
             ... invoked by an orc priest
              (16 damage)
             ... on level 3 of the Dungeon.
             The game lasted 00:00:56 (369 turns).

Amnesiac the Cutter (Kobold Fighter)                 Turns: 369, Time: 00:00:56

Health: -9/19      AC:  6    Str: 13    XL:     2   Next: 45%
Magic:  2/2        EV:  8    Int:  9    God:
Gold:   59         SH:  8    Dex: 14    Spells: 1/1 levels left

rFire    + . .     SeeInvis .   a - +0 rapier
rCold    . . .     Gourm    .   c - +0 shield
rNeg     . . .     Faith    .   b - +0 scale mail
rPois    .         Spirit   .   (no helmet)
rElec    .         Reflect  .   (no cloak)
rCorr    .         Harm     .   (no gloves)
MR       .....                  (no boots)
Stlth    +.........             (no amulet)
HPRegen  0.06/turn              e - ring of protection from fire
MPRegen  0.08/turn              (no ring)

@: no status effects
A: small, carnivore
a: no special abilities


You were on level 3 of the Dungeon.
You were completely stuffed.

You visited 1 branch of the dungeon, and saw 3 of its levels.

You collected 59 gold pieces.

Inventory:

Hand Weapons
 a - a +0 rapier (weapon)
Armour
 b - a +0 scale mail (worn)
 c - a +0 shield (worn)
Jewellery
 e - a ring of protection from fire (left hand)
Scrolls
 i - a scroll of immolation {!r, unknown}
 j - a scroll of teleportation {!r, unknown}
Potions
 d - a potion of might {!q}
 g - a potion of curing {!q, unknown}
 h - a potion of heal wounds {!q, unknown}
Comestibles
 f - a ration


   Skills:
 - Level 3.2 Fighting
 + Level 3.3 Short Blades
 - Level 2.4 Armour
 - Level 2.0 Stealth
 - Level 2.4 Shields


You had one spell level left.
You didn't know any spells.

Dungeon Overview and Level Annotations

Branches:
Dungeon (3/15)

Altars:


Innate Abilities, Weirdness & Mutations

You are small and have problems with some larger weapons.
You are carnivorous and can eat meat at any time.


Message History

Eating one of 3 chunks of flesh.
You eat one of the 3 chunks of flesh.
This raw flesh tastes great.
There is a stone staircase leading down here.
Eating one of 2 chunks of flesh.
You eat one of the 2 chunks of flesh.
This raw flesh tastes great.
You climb downwards.
There is a stone staircase leading up here.
Found 24 arrows.
You now have 50 gold pieces (gained 10).
Eating a chunk of flesh.
You eat the chunk of flesh.
This raw flesh tastes great.
h - a bubbling pink potion {!q} You now have 59 gold pieces (gained 9).
Found 18 stones.
Wear which item? (? for menu, Esc to quit)
Okay, then.
You see here 18 stones.
HP restored.
A giant cockroach comes into view.
A giant cockroach is nearby!
A giant cockroach is nearby!
You hit the giant cockroach.
The giant cockroach is heavily wounded.
The giant cockroach barely misses you.
You hit the giant cockroach.
The giant cockroach is almost dead.
You block the giant cockroach's attack.
You hit the giant cockroach but do no damage.
The giant cockroach is almost dead.
The giant cockroach bites you.
You hit the giant cockroach.
You kill the giant cockroach!
A giant cockroach comes into view.
A giant cockroach is nearby!
A giant cockroach is nearby!
Found a stone staircase leading down.
You block the giant cockroach's attack.
The giant cockroach bites you but does no damage.
You hit the giant cockroach.
The giant cockroach is almost dead.
You block the giant cockroach's attack.
You closely miss the giant cockroach.
The giant cockroach is almost dead.
The giant cockroach bites you.
You hit the giant cockroach.
You kill the giant cockroach!
There is a stone staircase leading down here.
You climb downwards.
There is a stone staircase leading up here.
i - a scroll labeled XEIHOL ALYE {!r} HP restored.
j - a scroll labeled MIMUSH UCSIT {!r} A goblin, an orc and an orc priest come into view.
The orc priest shouts!
The orc shouts!
The goblin shouts!
The orc priest invokes the aid of Beogh against you.
Beogh smites you!
Ouch! That really hurt!
* * * LOW HITPOINT WARNING * * *
You hear a shout!
There is a stone staircase leading up here.
The orc priest invokes the aid of Beogh against you.
Beogh smites you!
Ouch! That really hurt!
You die...

! ######### .#
..g.....##.####
##....o...
##.o...o...
###g.###.....
####..o## ....
#@...### ...
####.#### ..
#....# . #.####
#.# ..# ..##
.## #.


You could see an orc priest, an orc and a goblin.

Vanquished Creatures
  2 bats (D:1)
  2 giant cockroaches (D:2)
  3 goblins
  2 kobolds (D:1)
  A quokka (D:2)
10 creatures vanquished.

Notes
Turn   | Place    | Note
-------+----------+-------------------------------------------
     0 | D:1      | Amnesiac the Kobold Fighter began the quest for the Orb.
     0 | D:1      | Reached XP level 1. HP: 14/14 MP: 1/1
    35 | D:1      | Reached skill level 1 in Stealth
   209 | D:2      | Reached XP level 2. HP: 14/19 MP: 2/2
   369 | D:3      | Killed from afar by an orc priest

Vault maps used:
D:1:      grunt_arrival_crossed_arrows, hangedman_decor_clover_reticule
D:2:      cheibrodos_pilgrimage, kennysheep_slug_shrine
D:3:      gammafunk_temple_overflow_elements, first_ration,
          chequers_ecumenical_altar_simple, bloody_trog

Skill      XL: |  1  2 |
---------------+-------+-----
Stealth        | 2 |  2.0
Short Blades   | 3 |  3.3
Fighting       | |  3.2
Armour         | |  2.4
Shields        | |  2.4

Action                   || total
-------------------------++-------
Melee: Rapier            ||    43
  Eat: Chunk             ||     7
Armor: Scale mail        ||    11
Dodge: Dodged            ||    10
Block: Shield            ||    25

Table legend:
 A = Spawn XP
 B = Non-spawn XP
 C = Spawn XP percentage of total XP
 D = Spawn monster count
 E = Non-spawn monster count
 F = Spawn count percentage of total count
 G = Total turns spent on level
                    A         B        C        D         E        F      G
               +---------+---------+-------+---------+---------+-------+---------
         Total |       0 |      18 |   0.0 |       0 |      10 |   0.0 |   369
               +---------+---------+-------+---------+---------+-------+---------
           D:1 |       0 |      10 |   0.0 |       0 |       6 |   0.0 |   171
           D:2 |       0 |       8 |   0.0 |       0 |       4 |   0.0 |   174
               +---------+---------+-------+---------+---------+-------+---------
